 Dungeon Crawl Stone Soup version 0.20.1-1-g8b1a95d (webtiles) character file.

8176 gobwax the Arsonist (level 11, -7/67 HPs)
             Began as an Octopode Fire Elementalist on Sept 11, 2017.
             Was an Elder of Vehumet.
             Mangled by a vault guard
             ... wielding a +0 battleaxe
              (18 damage)
             ... on level 10 of the Dungeon.
             The game lasted 00:39:09 (11404 turns).

gobwax the Arsonist (Octopode Fire Elementalist)   Turns: 11404, Time: 00:39:10

Health: -7/67      AC:  1    Str:  7      XL:     11   Next: 26%
Magic:  1/24       EV: 21    Int: 23 (25) God:    Vehumet [****..]
Gold:   616        SH:  3    Dex: 21      Spells: 7/29 levels left

rFire    + . .     SeeInvis +   U - staff of fire
rCold    . . .     Gourm    .   (no shield)
rNeg     . . .     Faith    .   (helmet restricted)
rPois    +         Spirit   .   n - +3 amulet of reflection
rElec    .         Reflect  +   h - +5 ring of evasion
rCorr    .         Harm     .   p - ring of see invisible
MR       .....                  t - ring of poison resistance
Stlth    ++++......             v - +4 ring of intelligence
Regen    0.3/turn               y - +3 ring of slaying
MPRegen  0.2/turn               x - +3 ring of dexterity
                                w - +2 ring of evasion
                                Q - +3 ring of dexterity

@: about to teleport
A: almost no armour, stealthy swim, amphibious, 8 rings, constrict 8, camouflage
1, agile 1, deterioration 1, robust 1, gelatinous body 1
a: Renounce Religion


You were on level 10 of the Dungeon.
You worshipped Vehumet.
Vehumet was greatly pleased with you.
You were not hungry.

You visited 2 branches of the dungeon, and saw 11 of its levels.

You collected 838 gold pieces.
You spent 222 gold pieces at shops.

Inventory:

Hand Weapons
 j - a +0 dagger of draining
 I - the +0 morningstar "Cuqostar" {speed, rC+ Dex+3}
   (You found it on level 8 of the Dungeon)

   Attacks with this weapon are significantly faster.
   It affects your dexterity (+3).
   It protects you from cold.
Magical Staves
 U - an uncursed staff of fire (weapon)
Jewellery
 h - a +5 ring of evasion (left tentacle)
 n - a +3 amulet of reflection (around mantle)
 p - a ring of see invisible (right tentacle)
 t - a ring of poison resistance (on tentacle)
 v - a +4 ring of intelligence (on tentacle)
 w - a +2 ring of evasion (on tentacle)
 x - a +3 ring of dexterity (on tentacle)
 y - a +3 ring of slaying (on tentacle)
 Q - a +3 ring of dexterity (on tentacle)
Wands
 J - a wand of confusion (29/48)
 K - a wand of random effects (39/48)
 R - a wand of polymorph (11/24)
Scrolls
 c - a scroll of noise {unknown}
 d - 2 scrolls of identify
 f - a scroll of random uselessness {unknown}
 i - 4 scrolls of enchant armour {unknown}
 k - a scroll of amnesia {unknown}
 m - 4 scrolls of remove curse
 r - 5 scrolls of teleportation
 s - 5 scrolls of fog {unknown}
 B - a scroll of recharging {unknown}
 F - a scroll of immolation {unknown}
 H - a scroll of vulnerability {unknown}
 L - a scroll of holy word {unknown}
 T - a scroll of silence {unknown}
Potions
 e - a potion of cancellation
 l - 8 potions of curing
 u - 2 potions of brilliance
 D - a potion of lignification
 E - 2 potions of haste {unknown}
 M - a potion of resistance {unknown}
 N - a potion of agility {unknown}
 O - a potion of ambrosia {unknown}
 P - a potion of mutation {unknown}
Books
 a - a book of Flames

   Spells                             Type                      Level
   a - Flame Tongue                   Conjuration/Fire             1
   b - Throw Flame                    Conjuration/Fire             2
   c - Conjure Flame                  Conjuration/Fire             3
   d - Inner Flame                    Hexes/Fire                   3
   e - Sticky Flame                   Conjuration/Fire             4
   f - Fireball                       Conjuration/Fire             5
 A - a book of Cantrips

   Spells                             Type                      Level
   a - Confusing Touch                Hexes                        1
   b - Animate Skeleton               Necromancy                   1
   c - Summon Small Mammal            Summoning                    1
   d - Apportation                    Translocation                1
 G - a book of Necromancy

   Spells                             Type                      Level
   a - Pain                           Necromancy                   1
   b - Animate Skeleton               Necromancy                   1
   c - Vampiric Draining              Necromancy                   3
   d - Regeneration                   Charms/Necromancy            3
   e - Animate Dead                   Necromancy                   4
   f - Control Undead                 Necromancy                   4
Comestibles
 b - 5 bread rations
 g - 12 fruits
 o - 7 meat rations
 z - 4 royal jellies
 V - 2 chunks of flesh


   Skills:
 + Level 2.4 Dodging
 - Level 3.2 Stealth
 + Level 9.8 Spellcasting
 * Level 9.4 Conjurations
 * Level 0.8 Hexes
 + Level 10.1 Fire Magic


You had 7 spell levels left.
You knew the following spells:

 Your Spells              Type           Power        Failure   Level  Hunger
a - Flame Tongue          Conj/Fire      #####        1%          1    None
b - Throw Flame           Conj/Fire      ######       1%          2    None
c - Conjure Flame         Conj/Fire      ######..     1%          3    None
d - Sticky Flame          Conj/Fire      ######..     1%          4    ##.....
e - Fireball              Conj/Fire      ######....   1%          5    ####...
f - Fulminant Prism       Conj/Hex       ####......   1%          4    ##.....
g - Inner Flame           Hex/Fire       ######..     1%          3    None


Dungeon Overview and Level Annotations

Branches:
Dungeon (10/15)            Temple (1/1) D:4            Lair (0/6) D:8
    Orc (0/2) D:9

Altars:
Ashenzari
Cheibriados
Dithmenos
Elyvilon
Fedhas
Gozag
Hepliaklqana
Kikubaaqudgha
Makhleb
Nemelex Xobeh
Okawaru
Qazlal
Ru
Sif Muna
Trog
Uskayaw
Vehumet
Xom
Yredelemnul
Zin
The Shining One

Shops:
D:6 *   D:9 =?*!(

Annotations:
D:4 potatolord6000's ghost, amateur HOMo


Innate Abilities, Weirdness & Mutations

You cannot wear most types of armour.
You are very stealthy in the water. (Stealth+)
You are amphibious.
You can wear up to eight rings at the same time.
You can use your tentacles to constrict eight enemies at once.
Your skin changes colour to match your surroundings (Stealth+).
Your rubbery body absorbs attacks. (AC +1, EV +1)
You are agile. (Dex +2)
Your body sometimes deteriorates upon taking damage.
You are robust. (+10% HP)


Message History

It was a potion of might.
You feel very mighty all of a sudden.
Your magical effects are unravelling.
You feel magically purged.
Your magical contamination has completely faded away.
You feel less wooden.
You feel a little less mighty now.
As you read the scroll of teleportation, it crumbles to dust.
You feel strangely unstable.
Casting: Flame Tongue
Confirm with . or Enter, or press ? or * to list all spells.
Okay, then.
Casting: Flame Tongue
Confirm with . or Enter, or press ? or * to list all spells.
Aiming: Flame Tongue
Press: ? - help, Shift-Dir - straight line, f - vault guard
Aim: a vault guard, wielding a battleaxe and wearing a chain mail (severely wounded)
You feel a surge of power!
The flame tongue hits the vault guard.
The vault guard is severely wounded.
The vault guard hits you with a battleaxe!!
You die...

## ### ## .# #@# #. ## #p#
##. #### #.# ##.. #..## #.#
... ##..## #.# #.## #...#
######.## ##..### ## #.#.##
##...##..###.....##..
#.##.####.##.....##...##...#
#.##..##.####......†...#...#


You could see a vault guard.

Vanquished Creatures
  The ghost of Agrougrou the Martial Artist, a novice OpTm of Uskayaw (D:10)
  An unseen horror (D:10)
  Joseph (D:7)
  Maurice (D:10)
  Prince Ribbit (D:9)
  A wraith (D:10)
  4 yaks (D:10)
  Grum (D:10)
  2 hungry ghosts
  Menkaure (D:7)
  3 water moccasins (D:10)
  5 orc warriors
  2 phantoms
  2 sky beasts
  An ice beast (D:10)
  6 centaurs
  A necrophage (D:6)
  6 ogres
  2 wolves (D:10)
  4 bullfrogs
  3 big kobolds
  3 scorpions
  A wyvern skeleton (D:6)
  A water moccasin skeleton (D:8)
  11 wights
  2 howler monkeys
  5 crimson imps
  2 jellies
  A quasit (D:6)
  2 hounds
  A gnoll shaman (D:6)
  5 orc priests
  4 iguanas
  10 orc wizards
  8 worker ants
  A hound zombie (D:5)
  2 hound skeletons
  A howler monkey zombie (D:8)
  3 adders
  A gnoll (D:1)
  2 howler monkey skeletons
  2 shadow imps (D:5)
  2 oozes
  A worm (D:2)
  5 dart slugs
  6 leopard geckos
  54 orcs
  A giant cockroach (D:1)
  8 goblins
  10 hobgoblins
  9 jackals
  4 quokkas
  2 ball pythons
  6 bats
  3 frilled lizards
  A jackal skeleton (D:6)
  29 kobolds
  A leopard gecko zombie (D:7)
  A quokka skeleton (D:7)
  7 rats
  A plant (D:1)
268 creatures vanquished.

Vanquished Creatures (others)
  A quokka (D:7)
  3 fulminant prisms (D:10)
4 creatures vanquished.

Grand Total: 272 creatures vanquished

Notes
Turn   | Place    | Note
-------+----------+-------------------------------------------
     0 | D:1      | gobwax the Octopode Fire Elementalist began the quest for the Orb.
     0 | D:1      | Reached XP level 1. HP: 11/11 MP: 3/3
   162 | D:1      | Reached XP level 2. HP: 16/17 MP: 0/5
   435 | D:1      | Reached XP level 3. HP: 15/21 MP: 2/6
  1085 | D:2      | Found a faded altar of an unknown god.
  1358 | D:2      | Found a hazy altar of Hepliaklqana.
  1358 | D:2      | Found a burning altar of Makhleb.
  1359 | D:2      | Found a blossoming altar of Fedhas.
  1360 | D:2      | Found an iron altar of Okawaru.
  1361 | D:2      | Found a stormy altar of Qazlal.
  1370 | D:2      | Learned a level 2 spell: Throw Flame
  1374 | D:2      | Learned a level 3 spell: Conjure Flame
  1381 | D:2      | Reached XP level 4. HP: 18/27 MP: 5/8
  1838 | D:3      | Found a sparkling altar of Nemelex Xobeh.
  2742 | D:4      | Noticed potatolord6000's ghost (amateur HOMo)
  2770 | D:4      | Reached XP level 5. HP: 31/31 MP: 8/10
  3219 | D:4      | Found a staircase to the Ecumenical Temple.
  3239 | D:4      | Reached skill level 4 in Fire Magic
  3254 | Temple   | Entered the Ecumenical Temple
  3306 | Temple   | Became a worshipper of Vehumet
  3716 | D:5      | Entered Level 5 of the Dungeon
  3762 | D:5      | Noticed a centaur
  3768 | D:5      | Killed a centaur
  3768 | D:5      | Reached XP level 6. HP: 18/36 MP: 9/11
  3795 | D:5      | Noticed a sky beast
  3802 | D:5      | Learned a level 4 spell: Sticky Flame
  3923 | D:5      | Killed a sky beast
  3929 | D:5      | Found a snail-covered altar of Cheibriados.
  4010 | D:5      | Reached XP level 7. HP: 28/41 MP: 11/13
  4139 | D:5      | Reached skill level 5 in Fire Magic
  4499 | D:5      | Reached skill level 5 in Spellcasting
  4971 | D:5      | Found a shimmering altar of Xom.
  4971 | D:5      | Noticed a hungry ghost
  4980 | D:5      | Killed a hungry ghost
  4980 | D:5      | Reached XP level 8. HP: 39/46 MP: 6/16
  5071 | D:5      | Reached * piety under Vehumet
  5071 | D:5      | Offered knowledge of Shock by Vehumet.
  5245 | D:6      | Reached skill level 6 in Fire Magic
  5291 | D:6      | Reached skill level 5 in Conjurations
  6127 | D:6      | Found Zidemouch's Assorted Antiques.
  6217 | D:6      | Learned a level 5 spell: Fireball
  6460 | D:6      | Reached XP level 9. HP: 51/51 MP: 9/18
  6642 | D:7      | Reached skill level 7 in Fire Magic
  6823 | D:7      | Noticed Menkaure
  6826 | D:7      | Killed Menkaure
  6837 | D:7      | Reached ** piety under Vehumet
  6999 | D:7      | Offered knowledge of Sting by Vehumet.
  7056 | D:7      | Noticed Joseph
  7076 | D:7      | Killed Joseph
  7497 | D:7      | Found a white marble altar of Elyvilon.
  7813 | D:8      | Found a staircase to the Lair.
  7974 | D:8      | Reached skill level 8 in Fire Magic
  8006 | D:8      | Reached XP level 10. HP: 55/56 MP: 2/22
  8152 | D:8      | Got a smoking morningstar
  8153 | D:8      | Identified the cursed +0 morningstar "Cuqostar" {speed, rC+ Dex+3} (You found it on level 8 of the Dungeon)
  8384 | D:8      | Offered knowledge of Dazzling Spray by Vehumet.
  9051 | D:8      | Gained mutation: Your body sometimes deteriorates upon taking damage. [mutagenic meat]
  9052 | D:8      | Gained mutation: You are agile. (Dex +2) [mutagenic meat]
  9053 | D:8      | Gained mutation: You are robust. (+10% HP) [mutagenic meat]
  9168 | D:9      | Found Kehaucuv's Antique Weapon Shoppe.
  9247 | D:9      | Reached *** piety under Vehumet
  9643 | D:9      | Found Kohias's Distillery.
  9657 | D:9      | Bought a potion of heal wounds for 60 gold pieces
  9664 | D:9      | Offered knowledge of Fulminant Prism by Vehumet.
  9670 | D:9      | Learned a level 4 spell: Fulminant Prism
  9683 | D:9      | Found Fuaqisug's General Store.
  9684 | D:9      | Found Wudera's Magic Scroll Boutique.
  9727 | D:9      | Found Nigog's Jewellery Shoppe.
  9737 | D:9      | Bought a scroll of remove curse for 36 gold pieces
  9737 | D:9      | Bought a scroll of teleportation for 36 gold pieces
  9737 | D:9      | Bought a scroll of blinking for 90 gold pieces
  9771 | D:9      | Noticed Prince Ribbit
  9785 | D:9      | Killed Prince Ribbit
  9814 | D:9      | Reached skill level 9 in Fire Magic
  9842 | D:9      | Reached **** piety under Vehumet
  9928 | D:9      | Found a staircase to the Orcish Mines.
 10035 | D:9      | Found a glowing golden altar of the Shining One.
 10035 | D:9      | Found a sacrificial altar of Ru.
 10153 | D:10     | Entered Level 10 of the Dungeon
 10156 | D:10     | Noticed Maurice
 10163 | D:10     | Killed Maurice
 10207 | D:10     | Offered knowledge of Olgreb's Toxic Radiance by Vehumet.
 10657 | D:10     | Noticed Grum
 10662 | D:10     | Killed Grum
 10753 | D:10     | Noticed an unseen horror
 10760 | D:10     | Killed an unseen horror
 10760 | D:10     | Reached XP level 11. HP: 67/67 MP: 6/24
 11151 | D:10     | Learned a level 3 spell: Inner Flame
 11259 | D:10     | Reached skill level 10 in Fire Magic
 11281 | D:10     | Noticed Agrougrou's ghost (novice OpTm)
 11373 | D:10     | Killed Agrougrou's ghost
 11379 | D:10     | Noticed a vault guard
 11404 | D:10     | Mangled by a vault guard

Skill      XL: |  1  2  3  4  5  6  7  8  9 10 11 |
---------------+----------------------------------+-----
Stealth        | 3 |  3.2
Spellcasting   | 3 4 5 6 8 9 |  9.8
Conjurations   | 2 3 4 5 7 9 |  9.4
Fire Magic     | 4 5 6 8 9 10 | 10.1
Dodging        | |  2.4
Hexes          | |  0.8

Action                   |  1- 3 |  4- 6 |  7- 9 | 10-12 || total
-------------------------+-------+-------+-------+-------++-------
Melee: Unarmed           |    58 |       |       |       ||    58
       Constrict         |    15 |    16 |    23 |    27 ||    81
       Tentacles         |    19 |    14 |    17 |    20 ||    70
       Dagger            |    10 |    86 |    98 |     3 ||   197
       Morningstar       |       |       |       |    82 ||    82
       Staff             |       |       |       |    17 ||    17
 Cast: Flame Tongue      |    45 |    11 |   122 |    73 ||   251
       Conjure Flame     |       |     2 |    12 |     7 ||    21
       Throw Flame       |       |       |    56 |    86 ||   142
       Sticky Flame      |       |       |    11 |    12 ||    23
       Fireball          |       |       |     2 |    10 ||    12
       Fulminant Prism   |       |       |       |     3 ||     3
       Inner Flame       |       |       |       |     2 ||     2
Evoke: Wand              |       |       |       |     1 ||     1
  Use: Scroll            |       |     4 |     4 |     5 ||    13
       Potion            |       |       |       |     5 ||     5
 Stab: Sleeping          |     1 |    15 |     1 |     3 ||    20
       Distracted        |       |       |     1 |     1 ||     2
  Eat: Chunk             |     2 |     8 |    11 |    17 ||    38
       Fruit             |       |       |     3 |       ||     3
Armor: Skin              |     4 |     5 |     4 |     2 ||    15
Dodge: Dodged            |    26 |    50 |   118 |   115 ||   309
Block: Other             |       |     6 |    16 |    12 ||    34
       Reflection        |       |       |     3 |     1 ||     4
